PL
REAL HARTFORD CB WHALERS @ GRAFTON MIDDIES
09/23/2017
 
TOP OF THE 1ST
Real Hartford CB Whalers batting - Pitching for Grafton Middies : RHP Ryan Davis
Pitching: RHP Ryan Davis
Batting: LHB Jerry Harris 0-0: Ball
1-0: Ball
2-0: Ball
3-0: Base on Balls
Batting: SHB Robert Shelby 0-0: Foul Ball, location: 2F
0-1: Grounds into double play, 4-6-3 (Groundball, 34)
Batting: RHB Mal Green 0-0: Ground out 1-3 (Groundball, 13)
Top of the 1st over - 0 run(s), 0 hit(s), 0 error(s), 0 left on base; Real Hartford CB 0 - Grafton 0
BOTTOM OF THE 1ST
Grafton Middies batting - Pitching for Real Hartford CB Whalers : RHP Dave Tomlinson
Pitching: RHP Dave Tomlinson
Batting: RHB José Peña 0-0: Called Strike
0-1: Ball
1-1: Foul Ball, location: 2F
1-2: Ball
2-2: Ball
3-2: SINGLE (Line Drive, 9S)
Batting: RHB Brent Barlow 0-0: Ball
1-0: Called Strike
José Peña steals 2nd base
1-1: Ground out 4-3 (Groundball, 34)
José Peña to third
Batting: LHB Tony Dyer 0-0: DOUBLE (Flyball, 8RXD)
José Peña scores
Batting: LHB Guillermo Romero 0-0: Ball
1-0: Ball
2-0: Ball
3-0: Fly out, F7 (Flyball, 7LMF)
Batting: RHB Donald Thompson 0-0: DOUBLE (Flyball, 8LXD)
Tony Dyer scores
Batting: RHB Mike Lewis 0-0: Ball
1-0: Foul Ball, location: 2F
1-1: Ball
2-1: Ball
3-1: Foul Ball, location: 2F
3-2: Base on Balls
Batting: LHB Luis Gutiérrez 0-0: Ball
1-0: Ground out 5-3 (Groundball, 56)
Bottom of the 1st over - 2 run(s), 3 hit(s), 0 error(s), 2 left on base; Real Hartford CB 0 - Grafton 2
TOP OF THE 2ND
Real Hartford CB Whalers batting - Pitching for Grafton Middies : RHP Ryan Davis
Batting: RHB Félix Rodríguez 0-0: Ball
1-0: Foul Ball, location: 2F
1-1: Fly out, F9 (Flyball, 89M)
Batting: SHB Jeffrey Barker 0-0: Ball
1-0: Ball
2-0: Ball
3-0: Called Strike
3-1: Fly out, F9 (Line Drive, 9M)
Batting: RHB Mike McDonald 0-0: Called Strike
0-1: Ball
1-1: Ball
2-1: Fly out, F3 (Popup, 3F)
Top of the 2nd over - 0 run(s), 0 hit(s), 0 error(s), 0 left on base; Real Hartford CB 0 - Grafton 2
BOTTOM OF THE 2ND
Grafton Middies batting - Pitching for Real Hartford CB Whalers : RHP Dave Tomlinson
Batting: LHB Kenji Takahashi 0-0: SINGLE (Line Drive, 34)
Batting: RHB Ryan Davis 0-0: Bunt missed!
0-1: Bunted foul
0-2: Ball
1-2: Bunted foul, Strikeout!
Batting: RHB José Peña 0-0: Fly out, F4 (Line Drive, 4)
Batting: RHB Brent Barlow 0-0: Called Strike
0-1: Swinging Strike
0-2: Ball
1-2: Ball
2-2: Ball
3-2: SINGLE (Groundball, 6MD)
Kenji Takahashi to second
Kenji Takahashi to third
Batting: LHB Tony Dyer 0-0: Foul Ball, location: 2F
0-1: Foul Ball, location: 2F
0-2: Strikes out swinging
Bottom of the 2nd over - 0 run(s), 2 hit(s), 0 error(s), 2 left on base; Real Hartford CB 0 - Grafton 2
TOP OF THE 3RD
Real Hartford CB Whalers batting - Pitching for Grafton Middies : RHP Ryan Davis
Batting: RHB Tyrone Scott 0-0: Swinging Strike
0-1: Called Strike
0-2: Strikes out swinging
Batting: LHB Armando Esparza 0-0: Ball
1-0: SINGLE (Groundball, 6M)
Batting: LHB Dave Tomlinson 0-0: Called Strike
0-1: Sac Bunt - play at first, batter OUT! 5-4
Armando Esparza to second
Batting: LHB Jerry Harris 0-0: Foul Ball, location: 2F
0-1: SINGLE (Line Drive, 5)
Armando Esparza to third
Batting: SHB Robert Shelby 0-0: Ball
1-0: Swinging Strike
1-1: Ball
2-1: Called Strike
2-2: SINGLE (Line Drive, 7S)
Armando Esparza scores
Jerry Harris to second
Batting: RHB Mal Green 0-0: Swinging Strike
0-1: Swinging Strike
0-2: Ball
1-2: Strikes out swinging
Top of the 3rd over - 1 run(s), 3 hit(s), 0 error(s), 2 left on base; Real Hartford CB 1 - Grafton 2
BOTTOM OF THE 3RD
Grafton Middies batting - Pitching for Real Hartford CB Whalers : RHP Dave Tomlinson
Batting: LHB Guillermo Romero 0-0: Fly out, F5 (Popup, 5L)
Batting: RHB Donald Thompson 0-0: Called Strike
0-1: Swinging Strike
0-2: Foul Ball, location: 2F
0-2: Hit by Pitch
Batting: RHB Mike Lewis 0-0: Ball
1-0: SINGLE (Groundball, 6MD)
Donald Thompson to second
Batting: LHB Luis Gutiérrez 0-0: Ball
1-0: Ball
2-0: Called Strike
2-1: Swinging Strike
2-2: Strikes out swinging
Batting: LHB Kenji Takahashi 0-0: Foul Ball, location: 2F
0-1: Fielders Choice at 2nd, U4 (Groundball, 4M)
Bottom of the 3rd over - 0 run(s), 1 hit(s), 0 error(s), 2 left on base; Real Hartford CB 1 - Grafton 2
TOP OF THE 4TH
Real Hartford CB Whalers batting - Pitching for Grafton Middies : RHP Ryan Davis
Batting: RHB Félix Rodríguez 0-0: Called Strike
0-1: Swinging Strike
0-2: Strikes out swinging
Batting: SHB Jeffrey Barker 0-0: Ball
1-0: Swinging Strike
1-1: Foul Ball, location: 2F
1-2: Ball
2-2: Strikes out looking
Batting: RHB Mike McDonald 0-0: Ball
1-0: Foul Ball, location: 2F
1-1: Ground out 3-1 (Groundball, 3)
Top of the 4th over - 0 run(s), 0 hit(s), 0 error(s), 0 left on base; Real Hartford CB 1 - Grafton 2
BOTTOM OF THE 4TH
Grafton Middies batting - Pitching for Real Hartford CB Whalers : RHP Dave Tomlinson
Batting: RHB Ryan Davis 0-0: Foul Ball, location: 2F
0-1: Foul Ball, location: 2F
0-2: Ball
1-2: Ground out 4-3 (Groundball, 4)
Batting: RHB José Peña 0-0: Ball
1-0: Ball
2-0: Ball
3-0: Called Strike
3-1: Foul Ball, location: 2F
3-2: SINGLE (Line Drive, 8RS)
Batting: RHB Brent Barlow 0-0: Ball
1-0: Ball
2-0: Swinging Strike
2-1: Ball
3-1: Base on Balls
José Peña to second
Batting: LHB Tony Dyer 0-0: Called Strike
0-1: Called Strike
0-2: Fly out, F8 (Flyball, 78M)
Batting: LHB Guillermo Romero 0-0: Called Strike
0-1: Foul Ball, location: 2F
0-2: Foul Ball, location: 2F
0-2: Ball
1-2: Foul Ball, location: 2F
1-2: Ball
2-2: Ball
3-2: Foul Ball, location: 2F
3-2: Base on Balls
José Peña to third
Brent Barlow to second
Batting: RHB Donald Thompson 0-0: Called Strike
0-1: Ball
1-1: Ball
Wild Pitch!
José Peña scores
Brent Barlow to third
Guillermo Romero to second
2-1: Ball
3-1: Swinging Strike
3-2: Foul Ball, location: 2F
3-2: Base on Balls
Batting: RHB Mike Lewis 0-0: Called Strike
0-1: Ball
1-1: Ball
2-1: Called Strike
2-2: Ball
3-2: Ground out 6-3 (Groundball, 6)
Bottom of the 4th over - 1 run(s), 1 hit(s), 0 error(s), 3 left on base; Real Hartford CB 1 - Grafton 3
TOP OF THE 5TH
Real Hartford CB Whalers batting - Pitching for Grafton Middies : RHP Ryan Davis
Batting: RHB Tyrone Scott 0-0: Ball
1-0: Fly out, F7 (Flyball, 7M)
Batting: LHB Armando Esparza 0-0: Called Strike
0-1: Called Strike
0-2: Foul Ball, location: 2F
0-2: Strikes out swinging
Batting: LHB Dave Tomlinson 0-0: Called Strike
0-1: Ball
1-1: Swinging Strike
1-2: Ball
2-2: Strikes out swinging
Top of the 5th over - 0 run(s), 0 hit(s), 0 error(s), 0 left on base; Real Hartford CB 1 - Grafton 3
BOTTOM OF THE 5TH
Grafton Middies batting - Pitching for Real Hartford CB Whalers : RHP Dave Tomlinson
Batting: LHB Luis Gutiérrez 0-0: Ground out 4-3 (Groundball, 4)
Batting: LHB Kenji Takahashi 0-0: Ball
1-0: Fly out, F6 (Popup, 56D)
Batting: RHB Ryan Davis 0-0: Called Strike
0-1: SINGLE (Line Drive, 6MD)
Batting: RHB José Peña 0-0: SINGLE (Line Drive, 8RS)
Ryan Davis to second
Batting: RHB Brent Barlow 0-0: Ball
1-0: Foul Ball, location: 2F
1-1: Called Strike
1-2: Ball
2-2: Fielders Choice at 2nd, 6-4 (Groundball, 6)
Bottom of the 5th over - 0 run(s), 2 hit(s), 0 error(s), 1 left on base; Real Hartford CB 1 - Grafton 3
TOP OF THE 6TH
Real Hartford CB Whalers batting - Pitching for Grafton Middies : RHP Ryan Davis
Batting: LHB Jerry Harris 0-0: Ball
1-0: Swinging Strike
1-1: Called Strike
1-2: Ball
2-2: Ball
3-2: Foul Ball, location: 2F
3-2: Strikes out swinging
Batting: SHB Robert Shelby 0-0: Ball
1-0: Called Strike
1-1: Foul Ball, location: 2F
1-2: Strikes out swinging
Batting: RHB Mal Green 0-0: Called Strike
0-1: Ball
1-1: Ball
2-1: Foul Ball, location: 2F
2-2: Foul Ball, location: 2F
2-2: Strikes out swinging
Top of the 6th over - 0 run(s), 0 hit(s), 0 error(s), 0 left on base; Real Hartford CB 1 - Grafton 3
BOTTOM OF THE 6TH
Grafton Middies batting - Pitching for Real Hartford CB Whalers : RHP Dave Tomlinson
Batting: LHB Tony Dyer 0-0: Ball
1-0: Ball
2-0: Ball
3-0: Base on Balls
Pitching: RHP René Martínez
Batting: LHB Guillermo Romero 0-0: Foul Ball, location: 2F
0-1: Ball
1-1: SINGLE (Groundball, 34D)
Tony Dyer to second
Runner from 2nd tries for 3rd, SAFE, throw made to third
Batting: RHB Donald Thompson 0-0: Ball
1-0: Swinging Strike
1-1: Swinging Strike
1-2: Foul Ball, location: 2F
1-2: Foul Ball, location: 2F
1-2: Strikes out swinging
Batting: RHB Mike Lewis 0-0: Ball
1-0: Called Strike
1-1: Fly out, F5 (Popup, 25F)
Batting: LHB Luis Gutiérrez 0-0: Ball
1-0: Fly out, F2 (Popup, 2RF)
Bottom of the 6th over - 0 run(s), 1 hit(s), 0 error(s), 2 left on base; Real Hartford CB 1 - Grafton 3
TOP OF THE 7TH
Real Hartford CB Whalers batting - Pitching for Grafton Middies : RHP Ryan Davis
Batting: RHB Félix Rodríguez 0-0: Ball
1-0: Foul Ball, location: 2F
1-1: Ground out 4-3 (Groundball, 4)
Batting: SHB Jeffrey Barker 0-0: Ball
1-0: Swinging Strike
1-1: Swinging Strike
1-2: Ball
2-2: Foul Ball, location: 2F
2-2: Foul Ball, location: 2F
2-2: Ball
3-2: Foul Ball, location: 2F
3-2: Foul Ball, location: 2F
3-2: Foul Ball, location: 2F
3-2: Foul Ball, location: 2F
3-2: Fly out, F3 (Line Drive, 3)
Batting: RHB Mike McDonald 0-0: Called Strike
0-1: Foul Ball, location: 2F
0-2: Ball
1-2: Ball
2-2: Foul Ball, location: 2F
2-2: Ball
3-2: Ground out 6-3 (Groundball, 6)
Top of the 7th over - 0 run(s), 0 hit(s), 0 error(s), 0 left on base; Real Hartford CB 1 - Grafton 3
BOTTOM OF THE 7TH
Grafton Middies batting - Pitching for Real Hartford CB Whalers : RHP René Martínez
Batting: LHB Kenji Takahashi 0-0: Foul Ball, location: 2F
0-1: Ball
1-1: Ball
2-1: Swinging Strike
2-2: Ground out 4-3 (Groundball, 4)
Batting: RHB Ryan Davis 0-0: Ball
1-0: Ball
2-0: Foul Ball, location: 2F
2-1: Ball
3-1: Swinging Strike
3-2: Ground out 6-3 (Groundball, 56)
Batting: RHB José Peña 0-0: SINGLE (Flyball, 89M)
Batting: RHB Brent Barlow 0-0: Ball
1-0: Ball
José Peña is caught stealing 2nd base
Bottom of the 7th over - 0 run(s), 1 hit(s), 0 error(s), 0 left on base; Real Hartford CB 1 - Grafton 3
TOP OF THE 8TH
Real Hartford CB Whalers batting - Pitching for Grafton Middies : RHP Ryan Davis
Now at 2B: Dave Knight
Now in CF: Brady Ferris
Batting: RHB Tyrone Scott 0-0: Ball
1-0: Ball
2-0: Foul Ball, location: 2F
2-1: Fly out, F8 (Flyball, 8LS)
Batting: LHB Armando Esparza 0-0: Swinging Strike
0-1: Ball
1-1: Called Strike
1-2: Ball
2-2: SINGLE (Line Drive, 4M)
Batting: RHB René Martínez 0-0: Ball
1-0: Bunted foul
1-1: Bunted foul
1-2: Sac Bunt - play at first, batter OUT! 1-4
Armando Esparza to second
Batting: LHB Jerry Harris 0-0: Called Strike
0-1: Ball
1-1: Ball
2-1: Ball
3-1: Base on Balls
Batting: SHB Robert Shelby 0-0: Ball
1-0: Fly out, F7 (Flyball, 7LM)
Top of the 8th over - 0 run(s), 1 hit(s), 0 error(s), 2 left on base; Real Hartford CB 1 - Grafton 3
BOTTOM OF THE 8TH
Grafton Middies batting - Pitching for Real Hartford CB Whalers : RHP René Martínez
Batting: RHB Brent Barlow 0-0: Called Strike
0-1: Ball
1-1: Foul Ball, location: 2F
1-2: Ball
2-2: Ball
3-2: SINGLE (Line Drive, 9LM)
Batting: LHB Tony Dyer 0-0: Ball
1-0: DOUBLE (Flyball, 9LD)
Brent Barlow to third
Batting: RHB Brady Ferris 0-0: Ball
1-0: Called Strike
1-1: Ball
2-1: Ball
3-1: Base on Balls
Batting: RHB Donald Thompson 0-0: Ball
1-0: Called Strike
1-1: Swinging Strike
1-2: Ball
2-2: Ball
3-2: Fly out, F7 (Flyball, 7M)
Runner from 3rd tags up, SCORES, throw made
Batting: RHB Dave Knight 0-0: Ball
1-0: Called Strike
1-1: Ball
2-1: Ball
3-1: Base on Balls
Tony Dyer to third
Brady Ferris to second
Batting: LHB Luis Gutiérrez 0-0: Foul Ball, location: 2F
0-1: Foul Ball, location: 2F
0-2: Ball
1-2: Foul Ball, location: 2F
1-2: Foul Ball, location: 2F
1-2: Ball
2-2: Foul Ball, location: 2F
2-2: Ball
3-2: Base on Balls
Tony Dyer scores
Brady Ferris to third
Dave Knight to second
Batting: LHB Kenji Takahashi 0-0: Ball
1-0: SINGLE (Groundball, 56D)
Brady Ferris scores
Dave Knight to third
Luis Gutiérrez to second
Pinch Hitting: RHB Carl Good 0-0: SINGLE (Line Drive, 8LS)
Dave Knight scores
Luis Gutiérrez to third
Kenji Takahashi to second
Runner from 3rd tries for Home, SAFE, throw made home
Batting: RHB José Peña 0-0: SINGLE (Line Drive, 8LS)
Kenji Takahashi to third
Carl Good to second
Batting: RHB Brent Barlow 0-0: Ball
1-0: Ball
2-0: Fly out, F7 (Line Drive, 7D)
Runner from 3rd tags up, SCORES, no throw
Carl Good to third
Batting: LHB Tony Dyer 0-0: Ball
1-0: Called Strike
1-1: Ball
2-1: Foul Ball, location: 2F
2-2: Foul Ball, location: 2F
2-2: Foul Ball, location: 2F
2-2: Ball
3-2: Foul Ball, location: 2F
3-2: Base on Balls
José Peña to second
Batting: RHB Brady Ferris 0-0: SINGLE (Groundball, 56S) (infield hit)
Carl Good scores
José Peña to third
Tony Dyer to second
Batting: RHB Donald Thompson 0-0: Swinging Strike
0-1: Ball
1-1: Ball
2-1: Called Strike
2-2: Ball
3-2: Foul Ball, location: 2F
3-2: Base on Balls
José Peña scores
Tony Dyer to third
Brady Ferris to second
Batting: RHB Dave Knight 0-0: Called Strike
0-1: Called Strike
0-2: Ball
1-2: Strikes out swinging
Bottom of the 8th over - 8 run(s), 6 hit(s), 0 error(s), 3 left on base; Real Hartford CB 1 - Grafton 11
TOP OF THE 9TH
Real Hartford CB Whalers batting - Pitching for Grafton Middies : RHP Ryan Davis
Pitching: RHP Frank Morse
Pinch Hitting: LHB Leonardo López 0-0: Called Strike
0-1: Called Strike
0-2: Strikes out swinging
Batting: RHB Félix Rodríguez 0-0: Ball
1-0: Swinging Strike
1-1: Foul Ball, location: 2F
1-2: Ball
2-2: Strikes out looking
Batting: SHB Jeffrey Barker 0-0: Called Strike
0-1: Ball
1-1: Fly out, F9 (Flyball, 9D)
Top of the 9th over - 0 run(s), 0 hit(s), 0 error(s), 0 left on base; Real Hartford CB 1 - Grafton 11
This league is powered by Out of the Park Baseball, the baseball management simulation game for PC, Mac and Linux
Saturday, February 27th, 2021 - OOTP Baseball 15.6 Build 34